 Dungeon Crawl Stone Soup version 0.25.0-9-g26727b657a (webtiles) character file.

Game seed: 2233268302493525029

452 HoaS the Twirler (level 7, -2/44 HPs)
             Began as a Gargoyle Gladiator on June 16, 2020.
             Killed by nerve-wracking pain
             ... invoked by an orc priest
              (5 damage)
             ... on level 4 of the Dungeon.
             The game lasted 00:09:11 (2775 turns).

HoaS the Twirler (Gargoyle Gladiator)               Turns: 2775, Time: 00:09:12

Health: -2/44      AC: 12    Str: 20    XL:     7   Next: 5%
Magic:  7/7        EV: 10    Int:  8    God:
Gold:   9          SH:  0    Dex: 11    Spells: 6/6 levels left

rFire    . . .     SeeInvis .   a - +1 quarterstaff
rCold    . . .     Gourm    .   (shield currently unavailable)
rNeg     + . .     Faith    .   b - +0 scale mail
rPois    ∞         Spirit   .   e - +0 helmet
rElec    +         Reflect  .   (no cloak)
rCorr    .         Harm     .   g - +0 pair of gloves
MR       .....                  (no boots)
Stlth    ..........             (no amulet)
HPRegen  0.14/turn              (no ring)
MPRegen  0.10/turn              (no ring)

@: no status effects
A: negative energy resistance 1, electricity resistance, unbreathing,
petrification resistance, rot immunity, AC +4
a: no special abilities


You were on level 4 of the Dungeon.
You were hungry.

You visited 1 branch of the dungeon, and saw 4 of its levels.

You collected 126 gold pieces.
You spent 117 gold pieces at shops.

Inventory:

Hand Weapons
 a - a +1 quarterstaff (weapon)
Missiles
 d - 3 throwing nets (quivered)
 l - 6 boomerangs
Armour
 b - a +0 scale mail (worn)
 e - a +0 helmet (worn)
 g - a +0 pair of gloves (worn)
Wands
 p - a wand of random effects (4)
Scrolls
 h - 2 scrolls of blinking
 k - a scroll of identify
 n - a scroll of fog
 q - a scroll of teleportation
Potions
 c - 2 potions of curing
 i - 2 potions of flight
 j - a potion of invisibility {unknown}
 m - a potion of mutation {unknown}
 o - a potion of lignification {unknown}
Comestibles
 f - 5 rations


   Skills:
 + Level 4.9 Fighting
 * Level 6.5 Staves
 - Level 1.7 Throwing
 - Level 2.4 Dodging


You had 6 spell levels left.
You didn't know any spells.
Your spell library was empty.

Dungeon Overview and Level Annotations

Branches:
Dungeon (4/15)
 Temple: D:4-7

Altars:
Fedhas
Gozag
Hepliaklqana
Kikubaaqudgha
Trog
The Shining One

Shops:
D:4 [?

Annotations:
D:4 3 runed translucent doors


Innate Abilities, Weirdness & Mutations

You are resistant to torment.
Your stone body is resilient. (AC +4)
You are immune to poison.
You resist negative energy. (rN+)
You are resistant to electric shocks. (rElec)
You can survive without breathing.
You are immune to petrification.
You are immune to rotting.


Message History

The orc priest is moderately wounded.
You hear some strange, mumbled words.
A puff of frost appears from out of thin air!
The puff of frost hits you but does no damage.
The orc priest hits you but does no damage. x2
Your scale mail prevents you from hitting the orc priest.
The orc priest is moderately wounded.
Something hits you but does no damage.
The orc priest calls upon Beogh to heal the orc priest.
The orc priest's wounds heal themselves!
The orc priest invokes the aid of Beogh against you.
Pain shoots through your body!
* * * LOW HITPOINT WARNING * * *
You completely miss the orc priest.
Something hits you but does no damage. x2
The orc priest closely misses you.
The orc priest hits you but does no damage.
You barely miss the orc priest. Something hits you but does no damage.
The orc priest invokes the aid of Beogh against you.
Pain shoots through your body!
You die...

#.#. #..#.# .. ..##
##.#.# ..
#######.###..... ##.
#........#..##># ..
#.......#.#.##.#
##.##.......###.##.#
###...#.......#
#.##.#
#.#...#o#..)....#
#.....
#.....o@{.......#
###.##
#...##.#........#
#.# # ...#.###.####
#.# ..#..... ..# #.#
#. #.##.##### #.# ..
.. .># #.## . ...
... #####... +++####
#......# .Z
#.#####.#.#.#


You could see 2 orc priests.

Vanquished Creatures
  Duvessa (D:4)
  Dowan (D:3)
  A howler monkey (D:4)
  A hound (D:4)
  An orc wizard (D:3)
  Ijyb (D:3)
  A howler monkey skeleton (D:4)
  3 adders
  An ooze (D:3)
  An adder skeleton (D:4)
  8 worms
  4 dart slugs
  22 orcs
  5 giant cockroaches
  5 hobgoblins
  7 kobolds
  2 quokkas
  A ball python (D:1)
  8 bats
  3 frilled lizards
  8 goblins
  14 rats
99 creatures vanquished.

Notes
Turn   | Place    | Note
-------+----------+-------------------------------------------
     0 | D:1      | HoaS the Gargoyle Gladiator began the quest for the Orb.
     0 | D:1      | Reached XP level 1. HP: 12/12 MP: 1/1
   123 | D:1      | Reached XP level 2. HP: 18/18 MP: 2/2
   597 | D:1      | Reached XP level 3. HP: 22/22 MP: 3/3
   773 | D:2      | Reached skill level 4 in Staves
   911 | D:2      | Reached XP level 4. HP: 17/28 MP: 4/4
  1073 | D:2      | Found a glowing golden altar of the Shining One.
  1225 | D:2      | Found a bloodstained altar of Trog.
  1227 | D:2      | Found a hazy altar of Hepliaklqana.
  1707 | D:3      | Reached XP level 5. HP: 32/32 MP: 5/5
  1824 | D:3      | Reached skill level 5 in Staves
  2028 | D:3      | Found a blossoming altar of Fedhas.
  2029 | D:3      | Found an ancient bone altar of Kikubaaqudgha.
  2219 | D:4      | Noticed Ijyb
  2238 | D:3      | Killed Ijyb
  2322 | D:4      | Reached XP level 6. HP: 35/38 MP: 6/6
  2323 | D:4      | Noticed Duvessa
  2329 | D:4      | Noticed Dowan
  2335 | D:4      | Killed Duvessa
  2335 | D:4      | Reached skill level 6 in Staves
  2368 | D:3      | Killed Dowan
  2646 | D:4      | Found Zeppam's Magic Scroll Boutique.
  2654 | D:4      | Found an opulent altar of Gozag.
  2699 | D:4      | Found Okhloe's Antique Armour Shoppe.
  2703 | D:4      | Bought a pair of gloves for 117 gold pieces
  2747 | D:4      | Reached XP level 7. HP: 44/44 MP: 7/7
  2770 | D:4      | Found a runed translucent gate.
  2770 | D:4      | Found a runed translucent gate.
  2770 | D:4      | Found a runed translucent gate.
  2773 | D:4      | HP: 2/44 [orc priest/nerve-wracking pain (6)]
  2775 | D:4      | Killed from afar by an orc priest

Illustrated notes

Levels and vault maps discovered:
D:1:      wander_arrival_estate, layout_basic
D:2:      layout_rooms, gammafunk_temple_overflow_pools, lemuel_crystal_altar
D:3:      layout_loops_cross, grunt_temple_overflow_growth_and_decay
D:4:      layout_loops_cross, nicolae_gozag_cash_rules_everything_around_me,
          first_ration, gammafunk_ghost_necromancy, serial_shops,
          nicolae_shop_behind_doors, shop, nicolae_shop_crystal, shop,
          kennysheep_mini, hex_large, chequers_serial_rivers_micro_c,
          uniq_duvessa, uniq_ijyb

Skill      XL: |  1  2  3  4  5  6 |
---------------+-------------------+-----
Staves         | 4 5 6 |  6.5
Fighting       | 3 4 |  4.9
Throwing       | |  1.7
Dodging        | |  2.4

Action                   |  1- 3 |  4- 6 |  7- 9 || total
-------------------------+-------+-------+-------++-------
Melee: Quarterstaff      |   124 |   205 |    20 ||   349
  Use: Scroll            |     5 |     3 |       ||     8
  Eat: Chunk             |       |     6 |       ||     6
Armor: Leather armour    |    10 |       |       ||    10
       Scale mail        |    59 |    72 |    23 ||   154
       Ring mail         |     4 |       |       ||     4
Dodge: Dodged            |    72 |   106 |    11 ||   189
